Map: 死亡光环-天梯版

Players

wanted - Winner!

  • Race: Zerg Zerg

Cyan

  • Race: Protoss Protoss
  • League: Master

Event: DreamHack SC2 Masters 2020 Winter

VOD

Have the link to the VOD?

Description

Time

  • Played on: Oct. 16, 2020, 8:27 a.m.
  • Length: 23:47

All games in this series

Show
View Real Time Build Order
Export as new Build Order

wanted Zerg - Winner!

Build Orders: Hatch First, Lurkers 

Get SALT Encoding   

  12  0:00  Drone  
  13  0:08  Drone  
  14  0:17  Overlord  
  14  0:22  Extractor  
  14  0:23  Drone  
  15  0:44  Hatchery  
  15  0:47  Drone  
  15  0:51  Drone  
  15  0:54  Drone  
  17  1:05  Extractor  
  16  1:12  Spawning Pool  
  16  1:14  Drone  
  16  1:18  Drone  
  17  1:20  Drone  
  18  1:32  Drone  
  19  1:43  Drone  
  20  1:53  Hatchery  
  19  1:55  Drone  
  20  2:03  Queen  
  22  2:09  Drone  
  22  2:10  Drone  
  24  2:19  Queen  
  26  2:25  Metabolic Boost  
  26  2:31  Overlord  
  26  2:34  Zergling x2  
  26  2:35  Zergling x2  
  28  2:49  Queen  
  28  2:50  Drone x3  
  33  2:53  Drone  
  33  2:54  Drone  
  35  3:03  Drone  
  36  3:07  Overlord  
  36  3:09  Queen  
  38  3:14  Overlord  
  38  3:16  Drone  
  38  3:17  Drone  
  38  3:19  Drone  
  41  3:24  Drone  
  42  3:30  Drone x2  
  44  3:36  Overlord  
  44  3:37  Drone x3  
  47  3:43  Pneumatized Carapace  
  47  3:49  Queen  
  47  3:51  Drone  
  47  3:52  Overlord  
  47  3:55  Drone x4  
  54  3:58  Zergling x4  
  54  3:59  Zergling x2  
  57  4:07  Spore Crawler  
  57  4:08  Spore Crawler  
  57  4:09  Drone, Spore Crawler  
  55  4:17  Drone x6  
  61  4:25  Queen, Overlord  
  61  4:30  Drone x3  
  66  4:37  Roach Warren  
  63  4:41  Evolution Chamber, Drone x3  
  65  4:45  Drone x2  
  65  4:46  Drone x3  
  65  4:49  Overlord  
  65  4:51  Queen  
  72  4:55  Zergling x2  
  72  4:59  Overlord x2  
  73  5:03  Lair  
  73  5:09  Zergling x16  
  80  5:15  Zergling x4  
  80  5:16  Overlord  
  80  5:17  Overlord  
  81  5:27  Roach  
  81  5:28  Roach x4  
  90  5:35  Roach  
  89  5:37  Spine Crawler  
  89  5:38  Extractor  
  89  5:39  Extractor  
  89  5:42  Roach x2  
  90  5:44  Zergling x2  
  91  5:53  Extractor, Overlord x2  
  91  5:54  Extractor, Zergling x12  
  95  5:59  Hatchery  
  95  6:02  Zergling x4  
  96  6:11  Zergling x6  
  85  6:18  Zergling x2  
  85  6:19  Zergling x18  
  85  6:24  Glial Reconstitution  
  87  6:30  Drone x2, Overlord  
  81  6:39  Drone x2  
  81  6:43  Drone x4  
  84  6:47  Zerg Missile Weapons Level 1  
  84  6:53  Drone x5  
  89  6:57  Drone x3  
  92  7:04  Overlord  
  92  7:07  Drone x2  
  93  7:13  Overlord  
  89  7:18  Overseer  
  89  7:21  Drone x4  
  89  7:22  Extractor  
  89  7:23  Queen x3  
  89  7:28  Drone x3  
  98  7:32  Drone x4  
  101  7:39  Drone x4  
  101  7:41  Drone x2  
  102  7:48  Drone x6  
  108  7:57  Drone x8  
  116  8:04  Drone x2  
  118  8:08  Infestation Pit  
  118  8:09  Hydralisk Den  
  118  8:10  Overseer  
  116  8:31  Drone x7, Spore Crawler  
  116  8:33  Spore Crawler, Extractor x2  
  116  8:34  Roach x6  
  131  8:46  Overlord  
  133  8:49  Drone x3  
  133  8:50  Drone  
  133  8:52  Hive  
  133  8:53  Grooved Spines, Hydralisk  
  133  8:54  Lurker Den  
  136  8:57  Overlord x3  
  136  9:01  Extractor  
  135  9:07  Hydralisk x4  
  143  9:13  Spore Crawler  
  143  9:14  Spore Crawler  
  143  9:16  Hatchery  
  140  9:22  Hatchery, Hydralisk x3  
  140  9:23  Hydralisk x3  
  151  9:28  Hydralisk x3  
  157  9:38  Hydralisk  
  157  9:39  Hydralisk x2  
  157  9:42  Overlord x4  
  163  9:52  Drone x4  
  167  9:55  Hydralisk x4  
  167  9:57  Overseer  
  167  9:58  Overseer  
  175  10:02  Lurker x2  
  175  10:04  Muscular Augments  
  177  10:08  Overlord  
  177  10:12  Seismic Spines  
  177  10:24  Extractor  
  177  10:25  Lurker x3, Extractor  
  178  10:36  Drone x4  
  178  10:37  Drone x4  
  178  10:39  Spine Crawler x2  
  178  10:40  Spine Crawler x2  
  178  10:42  Spine Crawler  
  181  10:43  Spine Crawler  
  181  10:44  Spine Crawler, Hydralisk  
  181  10:46  Lurker x3  
  181  10:47  Lurker, Overlord  
  185  10:55  Drone x2  
  187  10:58  Overlord  
  187  11:04  Overlord  
  187  11:05  Spire, Overseer  
  187  11:06  Drone, Spire  
  187  11:07  Drone  
  187  11:08  Drone x6  
  193  11:13  Overlord  
  193  11:18  Spore Crawler x2  
  193  11:19  Adaptive Talons  
  193  11:20  Zerg Missile Weapons Level 2, Spore Crawler x3  
  193  11:23  Evolution Chamber  
  187  11:29  Viper  
  187  11:30  Viper  
  193  11:39  Drone x2  
  195  11:42  Viper  
  194  11:48  Queen  
  194  11:53  Extractor  
  192  11:55  Hydralisk x2  
  192  11:57  Overlord  
  194  12:05  Overseer  
  186  12:14  Hydralisk x7  
  196  12:16  Drone x4  
  196  12:20  Spore Crawler  
  196  12:22  Spore Crawler  
  198  12:23  Spore Crawler  
  198  12:29  Zerg Flyer Weapons Level 1, Zerg Flyer Armor Level 1  
  197  12:33  Zerg Ground Armor Level 1  
  197  12:41  Hydralisk  
  199  12:47  Roach x5  
  197  12:53  Lurker x3  
  200  13:12  Lurker x2  
  198  13:29  Hydralisk x10  
  173  13:38  Hydralisk x11  
  163  13:45  Hydralisk x5  
  167  13:54  Spine Crawler  
  167  13:55  Overseer, Spine Crawler  
  165  14:03  Roach x12  
  165  14:04  Lurker x2  
  165  14:05  Lurker x5  
  165  14:07  Spine Crawler  
  165  14:08  Extractor, Spine Crawler  
  193  14:16  Overseer  
  193  14:22  Overlord  
  185  14:54  Lurker  
  185  14:55  Lurker x2  
  188  15:01  Overlord x3  
  188  15:10  Overseer  
  188  15:15  Overlord x3  
  188  15:16  Zerg Missile Weapons Level 3  
  188  15:17  Zerg Ground Armor Level 2  
  188  15:22  Hydralisk x6  
  198  15:32  Spine Crawler  
  198  15:33  Spore Crawler, Spine Crawler  
  189  15:37  Spine Crawler, Hydralisk x7  
  185  15:50  Hatchery  
  185  15:51  Hydralisk x9  
  194  15:58  Corruptor x4  
  198  16:11  Corruptor x5  
  192  16:16  Spore Crawler  
  192  16:18  Spore Crawler  
  192  16:19  Spore Crawler  
  192  16:22  Spore Crawler  
  190  16:25  Corruptor  
  190  16:26  Corruptor x4  
  198  16:59  Lurker x2, Hydralisk  
  200  17:12  Spore Crawler  
  200  17:14  Spore Crawler x2  
  200  17:15  Spore Crawler  
  190  17:22  Viper x2  
  180  17:27  Corruptor x6  
  180  17:28  Corruptor x3  
  170  17:37  Roach x2, Hydralisk x2  
  170  17:38  Roach x11  
  169  17:54  Hydralisk x5  
  177  18:05  Lurker x4  
  174  18:07  Drone  
  174  18:08  Drone x3  
  179  18:12  Drone  
  179  18:13  Drone x4  
  183  18:22  Hydralisk x3  
  189  18:29  Zerg Flyer Weapons Level 2  
  189  18:38  Drone x3  
  189  18:39  Drone  
  189  18:40  Drone x2, Overlord  
  195  18:59  Overseer x3  
  195  19:03  Viper  
  195  19:07  Evolution Chamber, Baneling Nest  
  195  19:08  Spine Crawler  
  195  19:09  Evolution Chamber  
  195  19:21  Hydralisk  
  195  19:22  Hydralisk  
  199  19:36  Corruptor x3  
  200  19:43  Corruptor x3  
  193  19:53  Hatchery  
  193  19:58  Viper  
  182  20:19  Lurker x2  
  182  20:20  Lurker x2  
  180  20:25  Lurker x2, Corruptor x5  
  192  20:50  Spine Crawler  
  192  20:51  Spore Crawler  
  192  20:54  Hatchery  
  192  20:55  Overseer  
  189  20:57  Zerg Flyer Weapons Level 3  
  189  21:14  Overlord x2  
  171  21:25  Corruptor  
  171  21:26  Corruptor x5  
  171  21:28  Hydralisk x2  
  171  21:31  Overlord x4  
  181  21:34  Unknown  
  181  21:35  Unknown  
  176  21:49  Hydralisk x6  
  176  21:51  Lurker  
  189  22:05  Greater Spire  
  189  22:21  Lurker x4  
  189  22:22  Lurker x6  
  199  22:33  Overseer  
  199  22:41  Spore Crawler  
  199  22:43  Hydralisk  
  199  22:44  Hydralisk x6  
  180  22:53  Hydralisk  
  180  22:54  Hydralisk x6  
  176  23:06  Hydralisk x5  
  179  23:17  Overseer  
  183  23:43  Unknown  
Show
View Real Time Build Order
Export as new Build Order

Cyan Protoss 

Build Orders: 1 Gate Expand, Mass Adepts 

Get SALT Encoding   

  12  0:00  Probe  
  13  0:12  Probe  
  14  0:18  Pylon  
  14  0:24  Probe (Chrono Boost)  
  15  0:36  Probe (Chrono Boost)  
  15  0:37  Gateway  
  16  0:45  Probe (Chrono Boost)  
  16  0:47  Assimilator  
  17  0:51  Probe  
  18  1:03  Probe  
  19  1:15  Probe  
  20  1:22  Nexus  
  20  1:33  Cybernetics Core  
  20  1:37  Probe  
  21  1:44  Assimilator  
  21  1:49  Probe  
  21  1:53  Pylon  
  22  2:02  Probe  
  23  2:08  Adept (Chrono Boost)  
  23  2:14  Probe (Chrono Boost)  
  26  2:18  Stargate  
  27  2:23  Probe (Chrono Boost)  
  27  2:26  Warp Gate  
  27  2:30  Probe (Chrono Boost)  
  27  2:32  Adept  
  27  2:35  Probe (Chrono Boost)  
  32  2:45  Probe (Chrono Boost)  
  32  2:46  Probe (Chrono Boost)  
  33  2:52  Probe  
  33  2:53  Void Ray (Chrono Boost)  
  33  2:54  Probe  
  35  3:04  Probe  
  40  3:07  Probe  
  40  3:10  Gateway  
  41  3:16  Probe  
  41  3:17  Pylon  
  41  3:19  Probe  
  43  3:25  Twilight Council  
  43  3:28  Probe  
  43  3:31  Probe  
  45  3:34  Adept  
  47  3:41  Gateway  
  47  3:44  Probe  
  47  3:46  Probe  
  47  3:47  Gateway  
  49  3:51  Pylon  
  49  3:56  Probe  
  49  3:57  Resonating Glaives (Chrono Boost)  
  51  4:05  Pylon  
  51  4:12  Nexus  
  51  4:16  Adept  
  52  4:18  Adept  
  52  4:23  Probe  
  55  4:24  Pylon, Probe  
  55  4:29  Assimilator  
  54  4:39  Adept  
  54  4:40  Adept  
  54  4:42  Adept  
  54  4:43  Adept  
  54  4:45  Probe x2  
  64  4:57  Probe x2  
  64  4:58  Pylon x2  
  64  4:59  Adept  
  68  5:00  Adept  
  69  5:16  Adept  
  69  5:17  Adept  
  69  5:19  Probe  
  74  5:23  Adept x2  
  74  5:27  Assimilator, Probe  
  77  5:31  Probe  
  78  5:39  Probe  
  78  5:40  Stargate  
  79  5:43  Probe (Chrono Boost)  
  79  5:44  Adept, Probe (Chrono Boost)  
  79  5:45  Adept x3  
  89  5:52  Probe (Chrono Boost)  
  89  5:55  Probe (Chrono Boost), Void Ray  
  89  5:56  Probe (Chrono Boost)  
  97  6:04  Probe x3 (Chrono Boost)  
  97  6:09  Adept  
  97  6:10  Probe  
  99  6:13  Probe  
  99  6:17  Protoss Air Weapons Level 1  
  95  6:20  Void Ray (Chrono Boost)  
  85  6:28  Probe  
  85  6:32  Void Ray (Chrono Boost)  
  82  6:34  Probe  
  82  6:38  Probe  
  82  6:39  Charge (Chrono Boost)  
  86  6:40  Assimilator, Probe  
  86  6:42  Assimilator  
  86  6:44  Pylon  
  86  6:46  Probe  
  80  6:47  Adept x3  
  80  6:48  Adept  
  80  6:51  Shield Battery  
  80  6:53  Pylon, Probe  
  89  6:57  Probe  
  89  6:58  Probe  
  89  7:00  Shield Battery  
  91  7:05  Probe  
  91  7:06  Shield Battery, Void Ray (Chrono Boost)  
  92  7:08  Pylon  
  92  7:12  Probe  
  92  7:14  Adept  
  92  7:15  Zealot  
  97  7:16  Zealot, Void Ray  
  103  7:25  Probe  
  104  7:32  Forge  
  104  7:34  Gateway  
  104  7:40  Void Ray  
  102  7:50  Gateway  
  104  7:53  Gateway, Void Ray  
  104  7:58  Gateway  
  104  8:03  Probe  
  109  8:06  Robotics Facility, Zealot x2, Sentry x2  
  117  8:14  Protoss Ground Weapons Level 1 (Chrono Boost)  
  117  8:20  Forge  
  117  8:21  Robotics Facility  
  117  8:22  Pylon  
  117  8:24  Nexus  
  117  8:29  Pylon  
  117  8:31  Pylon  
  117  8:35  Pylon  
  117  8:37  Templar Archives  
  117  8:39  Pylon  
  117  8:58  Observer (Chrono Boost)  
  117  8:59  Protoss Ground Armor Level 1 (Chrono Boost)  
  118  9:04  Photon Cannon  
  118  9:05  Photon Cannon  
  118  9:07  Probe x2  
  118  9:08  Photon Cannon, Shield Battery  
  120  9:10  Warp Prism (Chrono Boost)  
  120  9:11  Immortal (Chrono Boost)  
  120  9:12  Shield Battery  
  120  9:14  Photon Cannon  
  120  9:15  Psionic Storm  
  122  9:21  Probe x2  
  128  9:26  High Templar  
  130  9:34  High Templar x3  
  136  9:39  Photon Cannon  
  136  9:40  Probe  
  136  9:41  Probe x2  
  136  9:42  Photon Cannon  
  136  9:45  Immortal (Chrono Boost)  
  143  9:50  High Templar x2  
  147  9:55  Assimilator  
  147  9:57  Probe  
  147  9:58  Assimilator  
  148  10:01  Shield Battery, Immortal (Chrono Boost)  
  148  10:06  Photon Cannon  
  152  10:20  High Templar x2  
  155  10:24  Observer (Chrono Boost)  
  156  10:31  Protoss Ground Weapons Level 2 (Chrono Boost)  
  156  10:36  Gateway  
  156  10:37  Gateway  
  156  10:39  Observer  
  156  10:40  Immortal  
  156  10:42  Zealot x4, Protoss Ground Armor Level 2 (Chrono Boost)  
  165  11:15  Zealot x7  
  179  11:21  Nexus  
  178  11:31  Pylon  
  178  11:32  Pylon  
  178  11:33  Pylon  
  178  11:43  Immortal  
  180  11:49  Oracle, Immortal (Chrono Boost)  
  180  11:53  Oracle  
  190  11:55  Pylon  
  145  12:16  Zealot x2  
  145  12:17  Zealot x8  
  145  12:20  Nexus  
  145  12:21  Warp Prism (Chrono Boost)  
  145  12:22  Pylon  
  166  12:24  Photon Cannon  
  166  12:25  Photon Cannon  
  166  12:27  Photon Cannon  
  166  12:28  Observer (Chrono Boost)  
  167  12:30  Photon Cannon  
  167  12:37  Dark Shrine  
  167  12:40  Observer (Chrono Boost)  
  167  12:47  Protoss Shields Level 1 (Chrono Boost)  
  163  12:56  Stargate  
  163  12:57  Fleet Beacon  
  157  13:01  Cybernetics Core, Nexus  
  157  13:03  Pylon  
  157  13:04  Pylon  
  155  13:11  Immortal x2  
  157  13:18  Zealot x5  
  157  13:19  Zealot x5  
  128  13:41  High Templar x2  
  128  13:42  High Templar x7  
  128  13:44  Protoss Ground Weapons Level 3 (Chrono Boost)  
  128  13:46  Carrier (Chrono Boost)  
  128  13:47  Carrier x2 (Chrono Boost)  
  146  13:51  Archon x2  
  146  13:53  Archon  
  146  13:54  Observer x2  
  166  13:58  Photon Cannon  
  166  14:00  Photon Cannon  
  166  14:09  Photon Cannon  
  166  14:12  Photon Cannon  
  166  14:14  Zealot x3, Shield Battery  
  166  14:15  Pylon  
  165  14:33  Stalker x2  
  165  14:39  Zealot x3  
  165  14:40  Zealot x3  
  173  14:50  Carrier (Chrono Boost)  
  173  14:52  Oracle (Chrono Boost)  
  167  14:58  Observer x2 (Chrono Boost)  
  175  15:03  High Templar x3, Assimilator  
  175  15:04  High Templar, Assimilator  
  183  15:23  Protoss Shields Level 2  
  183  15:24  Dark Templar  
  183  15:26  Dark Templar  
  185  15:30  Protoss Air Armor Level 1 (Chrono Boost)  
  179  15:39  Protoss Air Weapons Level 2  
  168  15:44  Pylon  
  168  15:47  Pylon  
  153  16:02  Zealot  
  153  16:03  Zealot x3  
  157  16:15  Photon Cannon  
  157  16:16  Photon Cannon  
  157  16:18  Photon Cannon  
  157  16:20  Photon Cannon  
  157  16:21  Shield Battery  
  157  16:23  Shield Battery  
  157  16:31  High Templar x5  
  157  16:32  High Templar x2  
  171  16:36  Archon  
  171  16:37  Archon  
  171  16:43  Archon  
  171  16:44  High Templar  
  173  16:48  Nexus  
  173  16:49  Pylon  
  173  16:51  Archon  
  157  17:08  Zealot x2  
  148  17:31  Zealot x5  
  148  17:35  Zealot x2  
  148  17:49  Nexus  
  137  17:52  Zealot x3  
  137  17:56  Archon  
  143  18:04  Probe x4  
  147  18:10  High Templar  
  147  18:11  High Templar  
  151  18:25  High Templar x2  
  154  18:36  High Templar x3  
  154  18:37  High Templar  
  154  18:38  Observer  
  154  18:40  Archon x2  
  162  18:46  Dark Templar  
  161  19:06  Probe x5  
  166  19:13  High Templar  
  166  19:14  High Templar, Zealot x3  
  172  19:18  Probe x2  
  172  19:22  Pylon  
  165  19:44  High Templar  
  165  19:45  High Templar, Zealot x4  
  139  20:00  Zealot x2  
  139  20:06  Dark Templar x2  
  127  20:18  Probe x4  
  131  20:30  Probe x2  
  131  20:37  Archon  
  131  20:44  Assimilator  
  131  20:48  Robotics Facility  
  125  20:51  Robotics Facility  
  125  20:57  Zealot  
  106  21:29  Dark Templar x4  
  114  21:46  Observer (Chrono Boost)  
  116  21:53  Observer (Chrono Boost)  
  116  21:57  Zealot x3  
  116  21:58  Zealot  
  124  22:10  Dark Templar x2  
  124  22:11  Zealot  
  130  22:25  Observer x2  
  79  23:04  Immortal x2 (Chrono Boost)  
  70  23:23  Stalker x2, Zealot  
  70  23:24  Zealot x2  
  74  23:39  High Templar x2  
Tags
 
Add a new tag
Caveats
  • Supply blocks, unpowered buildings, or Contaminate may cause inaccurate times.
  • Supply counts are checked every 10 seconds.